 Dungeon Crawl Stone Soup version 0.32-a0-975-g85d4e5bfdb (webtiles) character file.

Game seed: 8651081570433833709

31314 jasper the Grappler (level 13, -9/131 HPs)
             Began as a Troll Fighter on Apr 19, 2024.
             Was a High Priest of Wu Jian.
             Mangled by a 12-headed hydra (12 damage)
             ... on level 4 of the Lair of Beasts.
             The game lasted 00:22:18 (10542 turns).

jasper the Grappler (Troll Fighter)                Turns: 10542, Time: 00:22:18

Health: -9/131     AC:  7    Str: 27    XL:     13   Next: 25%
Magic:  21/21      EV: 11    Int:  4    God:    Wu Jian [*****.]
Gold:   864        SH: 15    Dex: 13    Spells: 12/12 levels left

rFire   . .          .
                       - Unarmed
rCold   . . .        b - +4 kite shield
rNeg    + + +        w - +0 steam dragon scales
rPois   +            (helmet restricted)
rElec   .            (no cloak)
rCorr   .            (gloves unavailable)
SInv    .            (boots unavailable)
Will    .....        j - amulet of the acrobat
Stlth   +            r - ring of wizardry
HPRegen 1.21/turn    z - ring of the Howling Traitor {^Drain Fly rPois rN+++ MP+9}
MPRegen 0.17/turn

%: acrobat, wizardry (x1)
@: flying
A: large, unfitting armour, claws 3, regeneration 1, shaggy fur 1, tough skin 1
a: Renounce Religion, Wall Jump, Serpent's Lash, Heavenly Storm


You were on level 4 of the Lair of Beasts.
You worshipped Wu Jian.
Wu Jian was extremely pleased with you.
You visited 3 branches of the dungeon, and saw 15 of its levels.
You also visited: Bailey.

You collected 864 gold pieces.

Inventory:

Missiles
 d - 114 stones
 i - 4 javelins
 q - 5 atropa-tipped darts
 y - 6 boomerangs (quivered)
Armour
 a - a +0 robe
 b - a +4 kite shield (worn)
 w - +0 steam dragon scales (worn)
Jewellery
 c - a ring of see invisible
 j - an amulet of the acrobat (around neck)
 r - a ring of wizardry (left claw)
 z - the ring of the Howling Traitor (right claw) {^Drain Fly rPois rN+++ MP+9}
   (You found it on level 9 of the Dungeon)

   [ring of magical power]

   rPois:     It protects you from poison.
   rN+++:     It renders you almost immune to negative energy.
   MP+9:      It affects your magic capacity (+9).
   Fly:       It grants you flight.
   ^Drain:    It drains your maximum health when unequipped.
Wands
 g - a wand of polymorph (14)
 o - a wand of quicksilver (7)
 t - a wand of roots (13)
Scrolls
 e - a scroll of enchant armour
 h - 9 scrolls of teleportation
 m - a scroll of fog
 s - 3 scrolls of identify
 u - a scroll of revelation
 C - a scroll of fear
Potions
 f - 4 potions of lignification
 k - 2 potions of enlightenment
 l - 2 potions of haste
 n - 2 potions of curing
 p - a potion of attraction
 v - a potion of resistance
 x - a potion of might
 A - a potion of cancellation
 B - 2 potions of magic


   Skills:
 + Level 9.1 Fighting
 + Level 9.1 Dodging
 + Level 9.9 Shields
 * Level 14.5 Unarmed Combat


You had 12 spell levels left.
You didn't know any spells.
Your spell library contained the following spells:

 Spells                   Type           Power      Damage    Failure   Level
 Brom's Barrelling Bould  Conj/Erth      0%         2d3       97%         4
 Bombard                  Conj/Erth      0%         9d1       100%        6
 Seismic Cannonade        Alch/Erth      0%         6d4       100%        7


Dungeon Overview and Level Annotations

Branches:
Dungeon (10/15)            Temple (1/1) D:7            Lair (4/5) D:9
 Shoals (0/4) Lair:2        Snake (0/4) Lair:3          Orc (0/2) D:10
 Bailey (visited)
  Slime: Lair:4-5

Altars:
Ashenzari
Cheibriados
Dithmenos
Fedhas
Gozag
Hepliaklqana
Kikubaaqudgha
Makhleb
Nemelex Xobeh
Okawaru
Qazlal
Sif Muna
Trog
Uskayaw
Vehumet
Wu Jian
Xom
Yredelemnul
Zin
The Shining One

Shops:
D:9 :

Annotations:
D:4 1 runed translucent door, Biggs's ghost, amateur TrFi
D:10 Lodul
Lair:4 exclusion: 2 oklob plants


Innate Abilities, Weirdness & Mutations

You are too large for most types of armour.
You have claws for hands.
Your natural rate of healing is unusually fast.
You are covered in fur. (AC +1)
You have tough skin. (AC +1)


Message History

The nine-headed hydra bites you. The nine-headed hydra bites you!
You take 14 damage, and have 113/131 hp.
You tear one of the nine-headed hydra's heads off!
The eight-headed hydra grows two more!
You claw the ten-headed hydra!
The ten-headed hydra is heavily wounded.
The ten-headed hydra barely misses you.
You block the ten-headed hydra's attack.
The ten-headed hydra bites you!
You block the ten-headed hydra's attack.
The ten-headed hydra misses you. The ten-headed hydra bites you!
You block the ten-headed hydra's attack.
The ten-headed hydra bites you!
The ten-headed hydra bites you but does no damage.
The ten-headed hydra bites you.
You take 29 damage, and have 84/131 hp.
MASSIVE DAMAGE!!
You claw one of the ten-headed hydra's heads off!
The nine-headed hydra grows two more!
You claw the 11-headed hydra!
The 11-headed hydra is heavily wounded.
The 11-headed hydra bites you!
You block the 11-headed hydra's attack. x3
The 11-headed hydra bites you! The 11-headed hydra barely misses you.
The 11-headed hydra bites you but does no damage.
The 11-headed hydra bites you. The 11-headed hydra bites you! x3
* * * LOW HITPOINT WARNING * * *
You take 51 damage, and have 33/131 hp.
MASSIVE DAMAGE!!
You rip one of the 11-headed hydra's heads off!
The ten-headed hydra grows two more!
You mangle the 12-headed hydra!!
The 12-headed hydra is severely wounded.
The 12-headed hydra bites you.
* * * LOW HITPOINT WARNING * * *
You block the 12-headed hydra's attack. The 12-headed hydra closely misses you.
You block the 12-headed hydra's attack. The 12-headed hydra barely misses you.
You block the 12-headed hydra's attack. The 12-headed hydra bites you!
* * * LOW HITPOINT WARNING * * *
The 12-headed hydra closely misses you. The 12-headed hydra bites you.
* * * LOW HITPOINT WARNING * * *
The 12-headed hydra bites you!
* * * LOW HITPOINT WARNING * * *
The 12-headed hydra bites you but does no damage.
The 12-headed hydra bites you!
You die...

#......# ##..#### ##.##
...# .### ### .#####
###.###### #
..##.#####>.......##♣...#
.#.........##.#P.DPP...P#
....####P.#####.@#..~~.P#
...## ##........#P.~~..#
...# ###.###..#P.P.P[.
#P.# .# #....D.♣### ####
# ##..#... . ...##..#
...# ... ..#P


You could see a 12-headed hydra.

Vanquished Creatures
  2 vault guards (Bailey)
  2 two-headed ogres
  A boulder beetle (D:9)
  Pikel (D:4)
  2 manticores (Lair:2)
  10 elephants
  Joseph (D:7)
  2 black mambas (Lair:3)
  9 cane toads
  9 komodo dragons
  2 rime drakes (Lair:3)
  4 polar bears
  Grinder (D:4)
  Prince Ribbit (Bailey)
  3 hornets
  A slime creature (D:9)
  A vampire (D:9)
  4 wyverns
  38 yaks
  5 humans (Bailey)
  A basilisk (Lair:1)
  Menkaure (D:4)
  3 steam dragons
  2 nagas (Lair:3)
  An acid dragon (D:9)
  16 water moccasins
  Duvessa (D:4)
  4 orc warriors
  5 black bears
  3 ice beasts
  An ogre (D:5)
  6 wolves
  4 lemures (D:4)
  2 phantoms
  3 centaurs
  4 kobold brigands
  22 bullfrogs
  4 scorpions
  2 gnoll sergeants
  Dowan (D:4)
  2 wights
  14 killer bees
  An electric eel (Lair:3)
  A howler monkey (D:8)
  3 bombardier beetles
  3 jellies
  4 hounds
  6 orc priests
  A sleepcap (D:8)
  2 iguanas
  6 orc wizards
  7 hell rats (Lair:3)
  14 gnolls
  3 adders
  3 shadow imps (D:8)
  A white imp (D:8)
  A dart slug (D:3)
  16 orcs
  6 ball pythons
  5 endoplasms
  3 giant cockroaches
  6 hobgoblins
  9 kobolds
  5 quokkas
  2 bats (D:1)
  A frilled lizard (D:3)
  5 goblins
  2 rats
317 creatures vanquished.

Vanquished Creatures (others)
  A kobold brigand (D:8)
1 creature vanquished.

Grand Total: 318 creatures vanquished

Notes
Turn   | Place    | Note
-------+----------+-------------------------------------------
     0 | D:1      | jasper the Troll Fighter began the quest for the Orb.
     0 | D:1      | Reached XP level 1. HP: 22/22 MP: 0/0
   422 | D:1      | Reached XP level 2. HP: 29/29 MP: 1/1
   995 | D:2      | Found a faded altar of an unknown god.
  1034 | D:2      | Reached XP level 3. HP: 31/36 MP: 2/2
  1695 | D:3      | Reached skill level 3 in Unarmed Combat
  1769 | D:3      | Found a hazy altar of Hepliaklqana.
  2070 | D:4      | Noticed Grinder
  2084 | D:4      | Killed Grinder
  2085 | D:4      | Reached skill level 4 in Unarmed Combat
  2085 | D:4      | Reached XP level 4. HP: 24/45 MP: 3/3
  2085 | D:4      | Reached XP level 5. HP: 29/53 MP: 4/4
  2193 | D:4      | Noticed a phantom
  2215 | D:4      | Killed a phantom
  2216 | D:4      | Reached XP level 6. HP: 52/61 MP: 5/5
  2425 | D:4      | Noticed Menkaure
  2440 | D:4      | Killed Menkaure
  2441 | D:4      | Reached skill level 5 in Unarmed Combat
  2441 | D:4      | Reached XP level 7. HP: 59/68 MP: 6/6
  2748 | D:4      | Found a glowing golden altar of the Shining One.
  2806 | D:4      | Found a runed translucent door.
  2811 | D:4      | Noticed Biggs's ghost (amateur TrFi)
  3095 | D:4      | Noticed Dowan
  3095 | D:4      | Noticed Duvessa
  3098 | D:4      | Noticed Pikel
  3128 | D:4      | Killed Duvessa
  3131 | D:4      | Killed Pikel
  3131 | D:4      | Killed Dowan
  3132 | D:4      | Reached skill level 6 in Unarmed Combat
  3132 | D:4      | Reached XP level 8. HP: 32/79 MP: 7/7
  3239 | D:5      | Entered Level 5 of the Dungeon
  3328 | D:5      | Reached skill level 5 in Shields
  3380 | D:5      | Reached skill level 7 in Unarmed Combat
  4220 | D:6      | Reached skill level 5 in Fighting
  4220 | D:6      | Reached skill level 5 in Dodging
  4229 | D:5      | Reached XP level 9. HP: 52/88 MP: 8/8
  4310 | D:6      | Found a broken altar of Ashenzari.
  4316 | D:6      | Found a radiant altar of Vehumet.
  4432 | D:6      | Found a shadowy altar of Dithmenos.
  4559 | D:6      | Reached skill level 8 in Unarmed Combat
  4714 | D:6      | Found a glowing silver altar of Zin.
  5015 | D:7      | Found a staircase to the Ecumenical Temple.
  5024 | Temple   | Entered the Ecumenical Temple
  5044 | Temple   | Became a worshipper of the Wu Jian Council
  5246 | D:7      | Noticed a two-headed ogre
  5256 | D:7      | Killed a two-headed ogre
  5338 | D:7      | Reached skill level 9 in Unarmed Combat
  5348 | D:7      | Noticed Joseph
  5379 | D:7      | Killed Joseph
  5473 | D:7      | Found an iron altar of Okawaru.
  5629 | D:8      | Reached XP level 10. HP: 98/98 MP: 9/9
  5683 | D:8      | Noticed a two-headed ogre
  5691 | D:8      | Killed a two-headed ogre
  5845 | D:8      | Found a shimmering blue altar of Sif Muna.
  6016 | D:8      | Reached * piety under Wu Jian
  6028 | D:8      | Reached skill level 10 in Unarmed Combat
  6041 | D:8      | HP: 4/98 [steam dragon/ball of steam (11)]
  6266 | D:9      | Noticed a boulder beetle
  6463 | D:9      | Reached ** piety under Wu Jian
  6499 | D:9      | Reached skill level 11 in Unarmed Combat
  6499 | D:9      | Reached XP level 11. HP: 73/107 MP: 10/10
  6502 | D:9      | Identified the ring of the Howling Traitor {^Drain Fly
                  | rPois rN+++ MP+9}
  6604 | D:9      | Found a flagged portal.
  6631 | Bailey   | Entered a bailey
  6810 | Bailey   | Noticed a vault guard
  6823 | Bailey   | Killed a vault guard
  6843 | Bailey   | Noticed a vault guard
  6843 | Bailey   | Noticed Prince Ribbit
  6847 | Bailey   | Killed Prince Ribbit
  6857 | Bailey   | Killed a vault guard
  7018 | D:9      | Killed a boulder beetle
  7234 | D:9      | Found a staircase to the Lair.
  7247 | D:9      | Reached *** piety under Wu Jian
  7262 | D:9      | Found Iboeqey's Book Boutique.
  7407 | D:10     | Entered Level 10 of the Dungeon
  7412 | D:10     | Found a bloodstained altar of Trog.
  7429 | D:10     | Found a staircase to the Orcish Mines.
  7432 | D:10     | Noticed Lodul
  7535 | Lair:1   | Entered Level 1 of the Lair of Beasts
  7555 | Lair:1   | Reached skill level 12 in Unarmed Combat
  7706 | Lair:1   | Reached XP level 12. HP: 91/119 MP: 11/11
  8088 | Lair:1   | Identified the +0 trident "Dekkiggo" {flame, rC+}
  8488 | Lair:2   | Found a staircase to the Shoals.
  8496 | Lair:2   | Reached skill level 13 in Unarmed Combat
  8630 | Lair:2   | Reached **** piety under Wu Jian
  8741 | Lair:2   | You are sucked into a shaft and drop 2 floors!
  9082 | Lair:2   | Reached skill level 14 in Unarmed Combat
  9681 | Lair:3   | Reached XP level 13. HP: 115/130 MP: 12/12
  9746 | Lair:3   | Reached ***** piety under Wu Jian
  9946 | Lair:3   | Found a staircase to the Snake Pit.
 10531 | Lair:4   | Found the +1 robe of Vines {NoPotionHeal Regen++++}
 10542 | Lair:4   | HP: 3/131 [12-headed hydra (7)]
 10542 | Lair:4   | Mangled by a 12-headed hydra

Illustrated notes

Levels and vault maps discovered:
D:1:      minmay_arrival_five_plusses, layout_loops_ring,
          ebering_dispersal_statue_hall, hangedman_feature_mirror, st_stairs_12,
          minivault_27
D:2:      layout_loops_ring, chequers_ecumenical_altar_twisty,
          small_statue_intersection
D:3:      layout_basic, nicolae_overflow_crystal_walls, corexii_leaking_fountain
D:4:      layout_basic, tso_oasis_becter, ebering_ghost_reflecting_pool,
          uniq_duvessa, uniq_grinder, uniq_pikel, uniq_menkaure
D:5:      layout_basic, serial_curves, eino_curves_02, eino_curves_04,
          eino_curves_01, eino_curves_02
D:6:      layout_loops_ring, mainiacjoe_overflow_boulevard, zin_statuary,
          jmf_multi_god_temple
D:7:      layout_rooms, mainiacjoe_overflow_six_doors_small, temple_statues,
          nrook_mini_backslash, uniq_joseph
D:8:      layout_rooms, lemuel_round_altar, minmay_joined_circles
D:9:      minmay_clustersquares, layout_cross, lair_entry_dummy, serial_shops,
          nicolae_shop_real_fake_doors, enter_bailey_2, chequers_arboretum
D:10:     layout_irregular_city, nicolae_ru_the_path_less_chosen,
          mainiacjoe_overflow_catch_the_wave, erik_orc_4,
          roderic_serpentine_path, uniq_gastronok, uniq_lodul
Temple:   nicolae_temple_bog_church
Lair:1:   layout_loops_ring, beast_lair_carwin_11, grunt_megastairs_1
Lair:2:   layout_gridlike, minmay_shoals_entry_beasts
Lair:3:   layout_chaotic_city, guppyfry_snake_entry_island,
          gammafunk_lair_bear_cave, infiniplex_staircase_pool_2
Lair:4:   layout_loops_ring, portal_ice_cave_entry_pillars_1,
          hellmonk_guarded_unrand_vines, lemuel_fruit_fields,
          serial_bayou_shore_b, grunt_megastairs_2

Skill      XL: |  1  2  3  4  5  6  7  8  9 10 11 12 13 |
---------------+----------------------------------------+-----
Shields        | 3 4 5 6 7 8 9 |  9.9
Unarmed Combat | 4 5 6 7 9 11 12 14 | 14.5
Fighting       | 3 4 5 6 7 8 9 |  9.1
Dodging        | 3 4 5 6 7 8 9 |  9.1

Action                     |  1- 3 |  4- 6 |  7- 9 | 10-12 | 13-15 || total
---------------------------+-------+-------+-------+-------+-------++-------
  Melee: Unarmed           |    75 |    28 |   221 |   843 |   113 ||  1280
  Throw: Stone             |     4 |       |     2 |       |       ||     6
         Dart              |       |       |     1 |     1 |       ||     2
         Boomerang         |       |       |       |     2 |       ||     2
 Invoke: Serpent's Lash    |       |       |       |     1 |       ||     1
Ability: Lunge             |       |       |     3 |    34 |     9 ||    46
         Whirlwind         |       |       |       |   245 |    51 ||   296
  Evoke: Wand              |       |       |    10 |       |       ||    10
    Use: Scroll            |     6 |       |    12 |    11 |       ||    29
         Potion            |     4 |       |       |    15 |       ||    19
   Stab: Sleeping          |     2 |       |     3 |       |     1 ||     6
         Invisible         |     1 |       |       |       |       ||     1
         Distracted        |       |       |       |     1 |       ||     1
 Armour: Robe              |    27 |    22 |    79 |    50 |       ||   178
         Skin              |     2 |       |       |    17 |       ||    19
         Steam dragon scal |       |       |       |   308 |    54 ||   362
  Dodge: Dodged            |    15 |     6 |    50 |   221 |    32 ||   324
  Block: Kite shield       |    22 |    12 |   100 |   520 |    69 ||   723

Table legend: (Time is in decaauts)
 A = Elapsed time spent in this place.
 B = Non-inter-level travel time spent in this place.
 C = Inter-level travel time spent in this place.
 D = Time resting spent in this place.
 E = Time spent auto-exploring this place.
 F = Levels seen in this place.
 G = Mean time per level.
                   A        B        C        D        E       F      G
               +--------+--------+--------+--------+--------+-----+--------+
         Total |  10473 |  10042 |    431 |    576 |   7132 |  16 |  654.6 |
       Dungeon |   7143 |   6855 |    288 |    450 |   4931 |  10 |  714.3 |
        Temple |     40 |      2 |     38 |      0 |      0 |   1 |   40.0 |
          Lair |   2937 |   2832 |    105 |     65 |   2050 |   4 |  734.2 |
        Bailey |    351 |    351 |      0 |     61 |    151 |   1 |  351.0 |
               +--------+--------+--------+--------+--------+-----+--------+

Top non-repeatable levels by time:
     D:4: 1230 daAuts
  Lair:3: 957 daAuts
  Lair:1: 937 daAuts
     D:5: 918 daAuts
  Lair:2: 895 daAuts
     D:9: 802 daAuts
     D:8: 768 daAuts
     D:6: 753 daAuts
     D:1: 711 daAuts
     D:2: 681 daAuts
     D:3: 670 daAuts
     D:7: 562 daAuts
  Bailey: 351 daAuts
  Lair:4: 146 daAuts
    D:10: 46 daAuts
